 Dungeon Crawl Stone Soup version 0.24.0-1-gfbc8707 (webtiles) character file.

Game seed: 16372170494964737170, levelgen mode: deterministic

5505 Fang the Fighter (level 10, -3/102 HPs)
             Began as a Gargoyle Berserker on Nov 7, 2019.
             Was a High Priest of Trog.
             Slain by a hellwing (9 damage)
             ... on level 8 of the Dungeon.
             The game lasted 00:07:47 (6618 turns).

Fang the Fighter (Gargoyle Berserker)               Turns: 6618, Time: 00:07:48

Health: -3/102     AC: 13    Str: 28    XL:     10   Next: 70%
Magic:  10/10      EV: 17    Int:  9    God:    Trog [*****.]
Gold:   333        SH:  0    Dex:  9    Spells: 9/9 levels left

rFire    + . .     SeeInvis .   a - +0 hand axe
rCold    + . .     Gourm    .   (no shield)
rNeg     + . .     Faith    .   b - +0 steam dragon scales
rPois    ∞         Spirit   .   (no helmet)
rElec    +         Reflect  .   E - scarf {rC+ rF+}
rCorr    .         Harm     .   (no gloves)
MR       .....                  (no boots)
Stlth    ..........             (no amulet)
HPRegen  0.27/turn              i - +3 ring of evasion
MPRegen  0.12/turn              (no ring)

@: berserking (expiring), very quick
A: negative energy resistance 1, electricity resistance, unbreathing,
petrification resistance, rot immunity, AC +7
a: Berserk, Trog's Hand, Brothers in Arms, Renounce Religion


You were on level 8 of the Dungeon.
You worshipped Trog.
Trog was extremely pleased with you.
You were hungry.

You visited 2 branches of the dungeon, and saw 9 of its levels.

You collected 333 gold pieces.

Inventory:

Hand Weapons
 a - a +0 hand axe (weapon)
Armour
 b - +0 steam dragon scales (worn)
 p - a +1 cloak
 E - a scarf of resistance (worn)
Jewellery
 i - a +3 ring of evasion (left hand)
Wands
 t - a wand of enslavement (8)
 y - a wand of polymorph (9)
 z - a wand of paralysis (9)
 A - a wand of iceblast (12)
 F - a wand of scattershot (6)
Scrolls
 d - a scroll of enchant armour {unknown}
 e - 11 scrolls of remove curse {unknown}
 h - 5 scrolls of identify {unknown}
 k - 4 scrolls of teleportation {unknown}
 o - 3 scrolls of enchant weapon {unknown}
 u - a scroll of amnesia {unknown}
 w - a scroll of blinking {unknown}
 B - 2 scrolls of magic mapping {unknown}
 C - a scroll of fog {unknown}
Potions
 f - a potion of flight {unknown}
 g - 3 potions of agility {unknown}
 j - 3 potions of lignification {unknown}
 l - a potion of brilliance {unknown}
 m - a potion of invisibility {unknown}
 n - a potion of cancellation {unknown}
 q - a potion of ambrosia {unknown}
 r - a potion of haste {unknown}
 s - 2 potions of curing {unknown}
 v - 2 potions of degeneration {unknown}
 x - a potion of heal wounds {unknown}
Comestibles
 c - 23 rations
 D - a chunk of flesh


   Skills:
 * Level 10.2 Fighting
 * Level 8.7 Axes
 + Level 7.5 Armour
 + Level 5.7 Dodging


You had 9 spell levels left.
You didn't know any spells.
Your spell library was empty.

Dungeon Overview and Level Annotations

Branches:
Dungeon (8/15)             Temple (1/1) D:6            Lair (0/6) D:8

Altars:
Dithmenos
Fedhas
Gozag
Kikubaaqudgha
Makhleb
Nemelex Xobeh
Okawaru
Qazlal
Ru
Trog
Yredelemnul
Zin
The Shining One


Innate Abilities, Weirdness & Mutations

You are resistant to torment.
Your stone body is resilient. (AC +7)
You are immune to poison.
You resist negative energy. (rN+)
You are resistant to electric shocks. (rElec)
You can survive without breathing.
You are immune to petrification.
You are immune to rotting.


Message History

The hellwing hits you!
* * * LOW HITPOINT WARNING * * *
You slash the hellwing!
The hellwing is heavily wounded.
You slash the phantom! You hit the hornet zombie.
You feel the power of Trog in you as your rage grows.
You destroy the hornet zombie!
Trog accepts your kill.
You closely miss the hellwing.
The hellwing is heavily wounded.
You slash the centaur warrior zombie! You slash the phantom!
The phantom blinks!
The hellwing hits you but does no damage. x2
The centaur warrior zombie hits you but does no damage.
You hit the hellwing but do no damage.
The hellwing is heavily wounded.
You slash the centaur warrior zombie!
The centaur warrior zombie hits you but does no damage.
The hellwing hits you!
You die...

### #.# #.. #.# #.# #..
#.######.#####.. .####
#.##...[........ ...8.#
#.##.###.####... .....P#
#)##.# # ##...
......Z##.##.###.# #....
.P...Z8@4........# #....
......8Z####..#### #....
.......4# ##.# #...#
∩)W....5# #.# ###.#
[|..P..## #.# ##+#
..8.8.8 #.# ##...
....8.8 ##.## ##....
...P..P ##..(# ##.....
...8.8#####....###......


You could see 2 hellwings, a phantom, a shadow imp, 2 centaur warrior zombies
and a centaur warrior skeleton.

Vanquished Creatures
  A wolf spider zombie (D:8)
  A centaur zombie (D:8)
  Psyche (D:8)
  A centaur skeleton (D:8)
  A troll (D:6)
  A hippogriff (D:7)
  Prince Ribbit (D:6)
  A spriggan (D:7)
  A hungry ghost (D:7)
  An ice beast (D:6)
  A black bear (D:6)
  3 sky beasts
  3 eyes of draining (D:6)
  A phantom (D:6)
  3 ogres
  A hornet zombie (D:8)
  3 centaurs
  2 big kobolds (D:6)
  7 bullfrogs
  6 scorpions
  A crimson imp (D:5)
  5 hounds
  A jelly (D:4)
  5 orc wizards
  4 orc priests
  A bullfrog skeleton (D:7)
  2 iguanas
  5 worker ants
  A howler monkey zombie (D:5)
  A worker ant zombie (D:7)
  7 gnolls
  10 adders
  3 shadow imps (D:8)
  An ooze (D:3)
  An adder zombie (D:7)
  3 dart slugs
  6 leopard geckos
  16 orcs
  8 giant cockroaches
  13 goblins
  9 hobgoblins
  10 jackals
  4 quokkas
  2 ball pythons
  8 bats
  9 frilled lizards
  8 kobolds
  A leopard gecko skeleton (D:6)
  2 quokka skeletons
  8 rats (D:1)
  A spectral orc (D:4)
196 creatures vanquished.

Notes
Turn   | Place    | Note
-------+----------+-------------------------------------------
     0 | D:1      | Fang the Gargoyle Berserker began the quest for the Orb.
     0 | D:1      | Reached XP level 1. HP: 14/14 MP: 1/1
   207 | D:1      | Reached XP level 2. HP: 4/19 MP: 2/2
   667 | D:1      | Reached XP level 3. HP: 21/23 MP: 3/3
   742 | D:1      | Reached ** piety under Trog
  1048 | D:2      | Reached XP level 4. HP: 26/29 MP: 4/4
  1259 | D:2      | Reached skill level 4 in Fighting
  1722 | D:3      | Found an opulent altar of Gozag.
  1829 | D:3      | Reached XP level 5. HP: 33/33 MP: 5/5
  1831 | D:3      | Reached *** piety under Trog
  1974 | D:3      | Found a sacrificial altar of Ru.
  2071 | D:3      | Found a stormy altar of Qazlal.
  2492 | D:4      | Reached XP level 6. HP: 29/39 MP: 6/6
  2630 | D:4      | Reached skill level 5 in Fighting
  2657 | D:4      | Reached XP level 7. HP: 8/44 MP: 7/7
  3304 | D:4      | Found a basalt altar of Yredelemnul.
  3414 | D:5      | Entered Level 5 of the Dungeon
  3696 | D:5      | Found an opulent altar of Gozag.
  3696 | D:5      | Found a glowing silver altar of Zin.
  3782 | D:5      | Reached skill level 6 in Fighting
  3782 | D:5      | Reached skill level 5 in Axes
  4077 | D:6      | Reached XP level 8. HP: 51/51 MP: 8/8
  4157 | D:6      | Reached **** piety under Trog
  4157 | D:6      | Reached skill level 5 in Armour
  4192 | D:6      | Found a shadowy altar of Dithmenos.
  4226 | D:6      | Found a staircase to the Ecumenical Temple.
  4265 | D:6      | Noticed Prince Ribbit
  4269 | Temple   | Entered the Ecumenical Temple
  4301 | D:6      | Killed Prince Ribbit
  4301 | D:6      | Reached skill level 7 in Fighting
  4626 | D:6      | Reached XP level 9. HP: 56/57 MP: 9/9
  4653 | D:6      | Noticed a troll
  4660 | D:6      | Found a bloodstained altar of Trog.
  4674 | D:6      | Killed a troll
  4674 | D:6      | Reached skill level 8 in Fighting
  5540 | D:7      | Reached skill level 9 in Fighting
  5540 | D:7      | Reached skill level 5 in Dodging
  5627 | D:7      | Reached XP level 10. HP: 58/66 MP: 10/10
  5642 | D:7      | Paralysed by fainting for 8 turns
  5849 | D:7      | Reached ***** piety under Trog
  6014 | D:7      | Found a bloodstained altar of Trog.
  6402 | D:8      | Found a sparkling altar of Nemelex Xobeh.
  6418 | D:8      | Noticed Psyche
  6433 | D:8      | Killed Psyche
  6505 | D:8      | Found a staircase to the Lair.
  6583 | D:8      | Reached skill level 10 in Fighting
  6615 | D:8      | HP: 5/102 [hellwing (7)]
  6618 | D:8      | Slain by a hellwing

Levels and vault maps discovered:
D:1:      lordsloth_arrival_two_stooges, layout_basic
D:2:      layout_loops_corners, minmay_pentomino_p4
D:3:      layout_loops_ring, nicolae_ru_sacrificial_ziggurat,
          nicolae_qazlal_eye_of_the_storm, grunt_gozag_statues
D:4:      layout_loops_ring, yredelemnul_forgotten_temple_becter, first_ration
D:5:      layout_basic, grunt_temple_overflow_gold_and_silver
D:6:      layout_loops_ring, overflow_temple_1_default, trog_eyes_of_draining,
          minmay_temple_entry_mist, uniq_prince_ribbit1
D:7:      layout_loops_ring, serial_glass, glass_columns_a, glass_columns_a,
          glass_columns_a, glass_columns_a, the_bakery, trog_hazing_becter
D:8:      cheibrodos_grave_circle, layout_loops_corners,
          nemelex_xobeh_ov_fountains_minmay, lair_entry_dummy, uniq_psyche
Temple:   cyrus_circular_temple

Skill      XL: |  1  2  3  4  5  6  7  8  9 10 |
---------------+-------------------------------+-----
Axes           | 3 4 5 6 7 8 |  8.7
Dodging        | 2 3 4 5 |  5.7
Armour         | 3 4 5 6 7 |  7.5
Fighting       | 4 5 6 7 9 10 | 10.2

Action                   |  1- 3 |  4- 6 |  7- 9 | 10-12 || total
-------------------------+-------+-------+-------+-------++-------
Melee: Hand axe          |   124 |   176 |   475 |   219 ||   994
Invok: Berserk           |     1 |     4 |     6 |     2 ||    13
       Trog's Hand       |       |       |     1 |       ||     1
 Stab: Sleeping          |       |       |     1 |       ||     1
  Eat: Chunk             |     2 |     8 |    14 |     7 ||    31
       Ration            |       |       |     1 |     1 ||     2
Armor: Animal skin       |    50 |    51 |       |       ||   101
       Steam dragon scal |       |       |   214 |    99 ||   313
Dodge: Dodged            |   128 |   161 |   440 |   165 ||   894
